 Dungeon Crawl Stone Soup version 0.30-a0-458-g86641cc369 (webtiles) character file.

Game seed: 2276252951482764860

39 IdlyInterested the Chopper (level 3, 0/24 HPs)
             Began as a Demonspawn Wanderer on Dec 14, 2022.
             Slain by an orc
             ... wielding a +0 trident
              (5 damage)
             ... on level 3 of the Dungeon.
             The game lasted 00:05:35 (1365 turns).

IdlyInterested the Chopper (Demonspawn Wanderer)    Turns: 1365, Time: 00:05:36

Health: 0/24       AC: 10    Str: 13    XL:     3   Next: 28%
Magic:  4/4        EV:  7    Int: 15    God:
Gold:   57         SH:  6    Dex: 11    Spells: 3/4 levels left

rFire   . . .      SeeInvis .    g - +1 war axe
rCold   . . .      Faith    .    k - +0 kite shield
rNeg    . . .      Spirit   .    e - +0 scale mail
rPois   +          Reflect  .    l - +0 helmet
rElec   .          Harm     .    q - +1 cloak
rCorr   .          Rampage  .    i - +0 pair of gloves
Will    .....                    (no boots)
Stlth   ..........               (no amulet)
HPRegen 0.24/turn                u - ring of poison resistance
MPRegen 0.09/turn                (no ring)

@: no status effects
A: demonic magic 1
a: no special abilities


You were on level 3 of the Dungeon.
You visited 1 branch of the dungeon, and saw 3 of its levels.

You collected 57 gold pieces.

Inventory:

Hand Weapons
 a - a +2 hand axe
 g - a +1 war axe (weapon)
Missiles
 f - 5 stones
 h - 3 poisoned darts
Armour
 d - a +0 robe
 e - a +0 scale mail (worn)
 i - a +0 pair of gloves (worn)
 k - a +0 kite shield (worn)
 l - a +0 helmet (worn)
 m - a +0 helmet
 n - a +0 pair of gloves
 q - a +1 cloak (worn)
Jewellery
 u - a ring of poison resistance (left hand)
Wands
 b - a wand of polymorph (7)
Scrolls
 c - 2 scrolls of fear
 r - a scroll of identify {unknown}
Potions
 j - a potion of flight {unknown}
 o - a potion of magic {unknown}
 p - a potion of degeneration {unknown}
 s - a potion of lignification {unknown}
 t - a potion of attraction
 v - a potion of might {unknown}


   Skills:
 * Level 5.3 Axes
 - Level 1.0 Armour
 * Level 0.5 Dodging
 - Level 1.0 Spellcasting
 - Level 1.0 Fire Magic
 - Level 2.0 Evocations


You had 3 spell levels left.
You knew the following spells:

 Your Spells              Type           Power      Damage    Failure   Level
a - Foxfire               Conj/Fire      8%         2x1d4     98%         1

Your spell library contained the following spells:

 Spells                   Type           Power      Damage    Failure   Level
 Dazzling Flash           Conj/Hex       0%         N/A       100%        3
 Ignite Poison            Fire/Tmut/Pois 1%         N/A       100%        3
 Iskenderun's Mystic Bla  Conj/Tloc      0%         2d3       100%        4
 Blade Hands              Tmut           0%         N/A       100%        5
 Irradiate                Conj/Tmut      0%         3d11      100%        5
 Starburst                Conj/Fire      1%         6d3       100%        6
 Dragon Form              Tmut           0%         N/A       100%        7


Dungeon Overview and Level Annotations

Branches:
Dungeon (2/15)

Altars:


Innate Abilities, Weirdness & Mutations

Spells you cast may paralyse adjacent enemies.


Message History

c - 2 scrolls of fear (gained 1)
The orc hits you but does no damage.
The orc throws a boomerang.
The boomerang hits you. The orc hits you with a +0 trident.
You barely miss the orc. The orc closely misses you. The orc barely misses you.
The orc hits you with a +0 whip.
You hit the orc.
The orc is heavily wounded.
You closely miss the orc. The orc hits you but does no damage.
You slash the orc!
You kill the orc!
You barely miss the orc. The orc hits you but does no damage. x3
You block the orc's attack. The goblin hits you but does no damage.
You miss the goblin. You hit the orc. You block the orc's attack.
The goblin hits you but does no damage. The orc hits you but does no damage.
You hit the goblin.
The goblin is moderately wounded.
You hit the orc.
The orc hits you from afar with a +0 trident.
You block the goblin's attack. The orc hits you but does no damage.
You barely miss the goblin.
The goblin is moderately wounded.
You closely miss the orc. The goblin barely misses you.
The orc hits you but does no damage. You block the orc's attack. x2
The goblin completely misses you. You block the orc's attack.
You slash the goblin!
You kill the goblin!
You hit the orc.
You kill the orc!
The orc hits you from afar with a +0 trident.
The orc attacks as you move away! You block the orc's attack. x2
Things that are here:
a +0 dagger; a +0 short sword; 3 boomerangs You completely miss the orc.
The orc is heavily wounded.
You closely miss the orc. You block the orc's attack.
The orc hits you with a +0 trident!
* * * LOW HITPOINT WARNING * * *
The orc hits you with a +0 trident.
You die...

#########
##~~~~~~~#
##~~♣..:♣
##~~♣.♣o♣.♣
##~~♣..@♣)..♣
##~~♣.♣o♣.♣.♣.♣
##~~♣...♣.♣.♣...♣
#~~♣.♣.♣.♣.♣.♣.♣.♣
#~♣...♣...♣...♣...
#~.♣.♣.♣.♣.♣.♣.♣.♣
#~..♣.♣.♣.♣g♣o♣.♣.
#~.♣.♣.♣.♣.♣.♣.♣.
#~♣...♣...♣...


You could see 2 orcs.

Vanquished Creatures
  A worm (D:2)
  A dart slug (D:1)
  2 orcs (D:3)
  4 bats (D:1)
  An endoplasm (D:1)
  5 giant cockroaches
  2 goblins
  3 hobgoblins (D:1)
  A quokka (D:1)
  4 ball pythons
  2 frilled lizards (D:1)
  A kobold (D:2)
  2 rats
29 creatures vanquished.

Notes
Turn   | Place    | Note
-------+----------+-------------------------------------------
     0 | D:1      | IdlyInterested the Demonspawn Wanderer began the quest for
                  | the Orb.
     0 | D:1      | IdlyInterested set off with the following items: a +2 hand
                  | axe, a wand of polymorph (7), a scroll of fear, a +0 robe;
                  | and the following spell memorised: Foxfire; and the
                  | following spells available to memorise: Ignite Poison.
     0 | D:1      | Reached XP level 1. HP: 13/13 MP: 2/2
   144 | D:1      | Gained mutation: Spells you cast may paralyse adjacent
                  | enemies. [demonic ancestry]
   144 | D:1      | Reached XP level 2. HP: 19/19 MP: 3/3
   350 | D:1      | Reached skill level 5 in Axes
  1067 | D:2      | Reached XP level 3. HP: 22/24 MP: 4/4
  1342 | D:2      | You fall into a shaft and drop 1 floor!
  1365 | D:3      | Slain by an orc

Illustrated notes

Levels and vault maps discovered:
D:1:      dpeg_arrival_prison, layout_basic
D:2:      layout_loops_ring, small_statue_intersection, chequers_jeans
D:3:      layout_loops_ring, kennysheep_cluttered_room, uniq_robin, uniq_natasha

Skill      XL: |  1  2 |
---------------+-------+-----
Axes           | 5 |  5.3
Armour         | |  1.0
Dodging        | |  0.5
Spellcasting   | |  1.0
Fire Magic     | |  1.0
Evocations     | |  2.0

Action                   || total
-------------------------++-------
Melee: Hand axe          ||    14
       War axe           ||    94
       Punch             ||     2
  Use: Scroll            ||     3
       Potion            ||     1
Armor: Robe              ||     4
       Scale mail        ||    73
Dodge: Dodged            ||    62
Block: Kite shield       ||    14

Table legend: (Time is in decaauts)
 A = Elapsed time spent in this place.
 B = Non-inter-level travel time spent in this place.
 C = Inter-level travel time spent in this place.
 D = Time resting spent in this place.
 E = Time spent auto-exploring this place.
 F = Levels seen in this place.
 G = Mean time per level.
                   A        B        C        D        E       F      G
               +--------+--------+--------+--------+--------+-----+--------+
         Total |   1395 |   1186 |    209 |     36 |    682 |   3 |  465.0 |
       Dungeon |   1395 |   1186 |    209 |     36 |    682 |   3 |  465.0 |
               +--------+--------+--------+--------+--------+-----+--------+

Top non-repeatable levels by time:
     D:1: 1072 daAuts
     D:2: 293 daAuts
     D:3: 29 daAuts
